 Dungeon Crawl Stone Soup version 0.23.2-1-ga50397a6bc (webtiles) character file.

Game seed: 3395919987356598449

152 BeezOne84 the Covered (level 5, -2/43 HPs)
             Began as a Barachi Fighter on May 7, 2019.
             Slain by a gnoll
             ... wielding a +0 spear
              (9 damage)
             ... on level 2 of the Dungeon.
             The game lasted 00:08:35 (1484 turns).

BeezOne84 the Covered (Barachi Fighter)             Turns: 1484, Time: 00:08:36

Health: -2/43      AC:  7    Str: 17 (18) XL:     5   Next: 34%
Magic:  5/5        EV:  7    Int:  6 (8)  God:
Gold:   99         SH: 10    Dex: 10 (12) Spells: 4/4 levels left

rFire    . . .     SeeInvis .   a - +1 war axe
rCold    . . .     Gourm    .   c - +1 shield
rNeg     . . .     Faith    .   b - +0 scale mail
rPois    .         Spirit   .   (no helmet)
rElec    .         Reflect  .   (no cloak)
rCorr    .         Harm     .   (no gloves)
MR       .....                  (no boots)
Stlth    ..........             (no amulet)
HPRegen  0.14/turn              (no ring)
MPRegen  0.09/turn              (no ring)

@: slow
A: +LOS, swims, slowness 1, strong legs 1
a: Hop


You were on level 2 of the Dungeon.
You were not hungry.

You visited 1 branch of the dungeon, and saw 2 of its levels.

You collected 99 gold pieces.

Inventory:

Hand Weapons
 a - a +1 war axe (weapon)
Missiles
 e - 22 sling bullets
 h - 60 stones (quivered)
 i - 3 curare-tipped needles
 m - 18 arrows
 n - 10 poisoned needles
Armour
 b - a +0 scale mail (worn)
 c - a +1 shield (worn)
Scrolls
 g - 2 scrolls of enchant armour
 j - a scroll of identify
 l - a scroll of teleportation {unknown}
Potions
 d - a potion of might
Comestibles
 f - 4 rations


   Skills:
 + Level 4.3 Fighting
 + Level 3.8 Axes
 + Level 4.6 Armour
 + Level 1.5 Dodging
 + Level 3.9 Shields


You had 4 spell levels left.
You didn't know any spells.
Your spell library was empty.

Dungeon Overview and Level Annotations

Branches:
Dungeon (2/15)

Altars:


Innate Abilities, Weirdness & Mutations

Shadows flee at your approach. (+LOS)
You can swim through water.
You cover ground slowly.
You can hop short distances.


Message History

* * * LOW HITPOINT WARNING * * *
You block the gnoll's attack. x2
The hobgoblin hits you but does no damage.
You barely miss the hobgoblin.
The hobgoblin is almost dead.
The gnoll barely misses you.
The hobgoblin hits you but does no damage.
You slash the hobgoblin!
You kill the hobgoblin!
The gnoll hits you from afar with a +0 spear.
* * * LOW HITPOINT WARNING * * *
The frilled lizard hisses.
You closely miss the hobgoblin. You block the gnoll's attack.
The hobgoblin hits you with a +0 club.
* * * LOW HITPOINT WARNING * * *
The gnoll hits you but does no damage.
The hobgoblin hits you but does no damage.
You barely miss the hobgoblin. The hobgoblin barely misses you.
The gnoll hits you from afar with a +0 spear!
You die...

### #.. #.# #.# ########.#
≈≈
##########......#.####.≈≈≈≈
.........'......@gglll..≈≈≈
##########......#.##l##....
##########......#.# .<
#......†..........# ##
#........#......###
#........########
...<.....# ... ##.......#
... ....#'#### #.#


You could see a gnoll, a hobgoblin and 4 frilled lizards.

Vanquished Creatures
  Natasha (thrice) (D:2)
  2 gnolls (D:2)
  An adder (D:2)
  An ooze (D:2)
  4 giant cockroaches
  4 goblins (D:1)
  6 hobgoblins
  3 jackals (D:1)
  A quokka (D:2)
  A ball python (D:1)
  6 bats
  8 frilled lizards
  5 kobolds
  2 rats
47 creatures vanquished.

Notes
Turn   | Place    | Note
-------+----------+-------------------------------------------
     0 | D:1      | BeezOne84 the Barachi Fighter began the quest for the Orb.
     0 | D:1      | Reached XP level 1. HP: 18/18 MP: 1/1
   122 | D:1      | Reached XP level 2. HP: 5/25 MP: 2/2
   614 | D:1      | Reached XP level 3. HP: 30/30 MP: 3/3
  1208 | D:2      | Noticed Natasha
  1220 | D:2      | Reached XP level 4. HP: 13/37 MP: 4/4
  1226 | D:2      | Killed Natasha
  1239 | D:2      | Noticed Natasha
  1243 | D:2      | Killed Natasha
  1252 | D:2      | Noticed Natasha
  1263 | D:2      | Killed Natasha
  1263 | D:2      | Reached skill level 1 in Dodging
  1263 | D:2      | Reached XP level 5. HP: 21/42 MP: 5/5
  1484 | D:2      | Slain by a gnoll

Skill      XL: |  1  2  3  4 |
---------------+-------------+-----
Armour         | 4 |  4.6
Fighting       | 4 |  4.3
Axes           | 3 |  3.8
Dodging        | 1 |  1.5
Shields        | |  3.9

Action                   |  1- 3 |  4- 6 || total
-------------------------+-------+-------++-------
Melee: War axe           |    95 |    47 ||   142
  Use: Scroll            |     3 |       ||     3
       Potion            |     1 |     1 ||     2
  Eat: Ration            |     1 |       ||     1
Armor: Scale mail        |    46 |    21 ||    67
Dodge: Dodged            |    33 |    11 ||    44
Block: Shield            |    55 |    31 ||    86
